Map: Acid Plant LE

Players

Reynor - Winner!

  • Race: Zerg Zerg
  • Spawn Location: 5:00

HuT

  • Race: Terran Terran
  • Spawn Location: 11:00

Event: WCS Valencia 2018

VOD

Have the link to the VOD?

Description

Time

  • Played on: July 12, 2018, 12:49 p.m.
  • Length: 7:32

All games in this series

Show
View Real Time Build Order
Export as new Build Order

Reynor Zerg - Winner!

Build Orders: Pool First 

Get SALT Encoding   

  12  0:00  Drone  
  13  0:12  Overlord  
  13  0:17  Drone  
  14  0:30  Drone x2  
  16  0:37  Drone  
  17  0:44  Spawning Pool  
  17  0:46  Extractor  
  16  0:50  Drone  
  16  0:55  Drone  
  17  1:06  Drone  
  18  1:22  Hatchery  
  17  1:31  Zergling x2  
  18  1:33  Roach Warren  
  17  1:45  Queen  
  19  1:56  Overlord  
  19  2:14  Roach  
  19  2:15  Roach x2  
  25  2:24  Queen  
  27  2:30  Drone  
  27  2:35  Ravager  
  27  2:36  Ravager  
  30  2:39  Drone x2  
  32  2:45  Drone  
  32  2:50  Overlord  
  33  2:53  Drone  
  33  2:57  Drone  
  35  3:00  Drone  
  36  3:09  Ravager, Drone  
  36  3:10  Drone  
  39  3:13  Drone  
  39  3:17  Drone x2  
  42  3:21  Drone  
  43  3:28  Overlord  
  42  3:34  Drone  
  42  3:39  Overlord  
  43  3:44  Drone  
  44  3:48  Drone x2  
  44  3:52  Overlord  
  44  3:53  Drone  
  47  4:09  Drone x2  
  49  4:10  Overlord  
  49  4:15  Overlord  
  49  4:18  Drone x3  
  49  4:21  Overlord  
  49  4:22  Drone x2  
  54  4:28  Hatchery  
  53  4:32  Overlord  
  47  4:41  Lair  
  47  4:44  Queen  
  46  4:46  Extractor, Drone x3  
  46  4:48  Drone  
  46  4:49  Drone  
  46  4:52  Evolution Chamber  
  49  4:56  Drone x3  
  49  4:57  Drone  
  49  4:58  Drone x2  
  55  5:01  Extractor  
  55  5:02  Spore Crawler  
  55  5:03  Spore Crawler  
  52  5:11  Drone x3  
  52  5:13  Drone  
  56  5:21  Zerg Missile Weapons Level 1  
  56  5:24  Drone x2  
  56  5:25  Drone x2  
  56  5:26  Drone  
  61  5:32  Queen  
  61  5:34  Drone x3  
  66  5:36  Drone x2  
  66  5:39  Overseer  
  66  5:40  Glial Reconstitution  
  66  5:41  Drone  
  69  5:44  Extractor  
  69  5:49  Roach x2  
  72  5:51  Roach  
  72  5:54  Roach x3  
  72  5:55  Extractor  
  79  5:59  Roach  
  79  6:01  Roach x2  
  85  6:07  Roach  
  85  6:08  Roach x2  
  91  6:13  Roach x3  
  91  6:16  Overlord  
  97  6:26  Overlord  
  97  6:27  Drone  
  97  6:32  Overlord  
  98  6:34  Overlord x2  
  98  6:35  Roach  
  98  6:36  Roach x3  
  106  6:45  Roach x4  
  113  6:56  Roach x3  
  113  6:58  Ravager x4  
  113  6:59  Roach  
  125  7:01  Drone x3  
  125  7:02  Drone  
  125  7:03  Extractor, Drone x3  
  125  7:06  Ravager  
  132  7:11  Roach  
  132  7:12  Roach  
  132  7:14  Overlord  
  136  7:18  Evolution Chamber, Spore Crawler  
  138  7:30  Hatchery  
Show
View Real Time Build Order
Export as new Build Order

HuT Terran 

Build Orders: Cyclone Opening, Reaper Expand 

Get SALT Encoding   

  12  0:00  SCV  
  13  0:12  SCV  
  14  0:17  Supply Depot  
  14  0:25  SCV  
  15  0:38  SCV  
  15  0:40  Barracks  
  16  0:44  Refinery  
  16  0:50  SCV  
  17  1:03  SCV  
  18  1:15  SCV  
  19  1:27  Reaper, Orbital Command  
  20  1:40  Command Center  
  20  1:50  Supply Depot  
  20  1:53  SCV  
  21  1:59  Marine  
  22  2:06  SCV  
  22  2:08  Factory  
  22  2:18  SCV  
  22  2:21  Barracks Reactor  
  23  2:23  Refinery  
  23  2:30  SCV  
  23  2:36  Bunker  
  24  2:42  SCV  
  25  2:52  Orbital Command  
  25  2:53  Cyclone  
  25  2:56  SCV  
  25  2:58  Marine x2  
  31  3:10  SCV  
  32  3:13  Starport  
  32  3:15  Marine  
  32  3:16  Marine  
  33  3:20  SCV  
  33  3:22  SCV  
  33  3:25  Factory Tech Lab  
  35  3:35  SCV x2  
  35  3:40  Orbital Command  
  35  3:43  Marine x2  
  37  3:55  Banshee  
  40  4:00  SCV  
  41  4:08  SCV  
  40  4:26  Supply Depot  
  40  4:27  Cloaking Field  
  40  4:28  Supply Depot  
  39  4:34  SCV  
  39  4:36  SCV  
  38  4:44  Factory Tech Lab  
  38  4:47  Supply Depot  
  38  4:48  SCV x2, Banshee, Barracks Reactor  
  42  4:58  Command Center  
  42  5:00  SCV  
  42  5:01  SCV  
  42  5:04  Siege Tank  
  47  5:07  Refinery  
  47  5:10  Refinery  
  47  5:11  Supply Depot  
  47  5:12  SCV  
  47  5:13  SCV  
  49  5:23  Engineering Bay x2  
  49  5:24  SCV  
  49  5:25  Marine x2  
  49  5:27  SCV  
  53  5:33  Supply Depot  
  53  5:37  Siege Tank  
  53  5:39  SCV  
  57  5:45  SCV  
  58  5:51  SCV  
  59  5:57  Supply Depot, SCV  
  59  6:00  Marine, Starport Reactor  
  61  6:06  SCV  
  61  6:09  SCV  
  63  6:15  Orbital Command  
  63  6:18  Marine, Siege Tank  
  67  6:25  Barracks x2  
  67  6:30  SCV x2  
  69  6:37  Barracks  
  69  6:40  Barracks  
  69  6:43  Orbital Command  
  69  6:45  Marine  
  67  6:49  SCV x2, Starport Reactor  
  67  6:50  Siege Tank  
  72  7:01  SCV  
  72  7:03  Marine  
  72  7:04  Supply Depot  
  72  7:05  Supply Depot, SCV  
  75  7:11  SCV  
  75  7:14  SCV  
  77  7:17  SCV  
  77  7:21  Armory, Factory  
Tags
 
Add a new tag
Caveats
  • Supply blocks, unpowered buildings, or Contaminate may cause inaccurate times.
  • Supply counts are checked every 10 seconds.